 Dungeon Crawl Stone Soup version 0.23-a0-644-gb60d84b (webtiles) character file.

199 MalarOregon the Poker (level 5, 0/41 HPs)
             Began as a Merfolk Skald on Jan 1, 2019.
             Slain by a gnoll
             ... wielding a +0 halberd of venom
              (11 damage)
             ... on level 3 of the Dungeon.
             The game lasted 00:15:46 (2727 turns).

MalarOregon the Poker (Merfolk Skald)               Turns: 2727, Time: 00:15:47

Health: 0/41       AC:  7    Str: 11    XL:     5   Next: 77%
Magic:  0/8        EV: 12    Int: 14    God:
Gold:   146        SH:  0    Dex: 13    Spells: 0/8 levels left

rFire    . . .     SeeInvis .   a - +0 spear
rCold    . . .     Gourm    .   (no shield)
rNeg     . . .     Faith    .   b - +0 leather armour
rPois    .         Spirit   .   h - +1 helmet
rElec    .         Reflect  .   (no cloak)
rCorr    .         Harm     .   q - +0 pair of gloves
MR       .....                  f - +0 pair of boots
Stlth    +.........             (no amulet)
HPRegen  1.13/turn              (no ring)
MPRegen  0.11/turn              (no ring)

@: lethally poisoned (0 -> -1), shrouded (expiring), regenerating
A: change form in water, swift swim, stealthy swim
a: no special abilities


You were on level 3 of the Dungeon.
You were hungry.

You visited 1 branch of the dungeon, and saw 4 of its levels.

You collected 146 gold pieces.

Inventory:

Hand Weapons
 a - a +0 spear (weapon)
Armour
 b - a +0 leather armour (worn)
 f - a +0 pair of boots (worn)
   (You found it on level 1 of the Dungeon)
 h - a +1 helmet (worn)
   (You found it on level 1 of the Dungeon)
 q - a +0 pair of gloves (worn)
   (You found it on level 3 of the Dungeon)
Scrolls
 d - a scroll of fog
 i - a scroll of teleportation {unknown}
 j - a scroll of enchant armour
 k - a scroll of noise {unknown}
 n - a scroll of remove curse {unknown}
 p - a scroll of enchant weapon {unknown}
 r - a scroll of amnesia
 s - a scroll of blinking {unknown}
Potions
 c - 3 potions of might
 g - a potion of invisibility
 m - a potion of brilliance
 o - a potion of berserk rage
Comestibles
 e - 7 rations {!d}
 l - 2 chunks of flesh


   Skills:
 - Level 3.0 Fighting
 * Level 5.7 Polearms
 - Level 1.0 Armour
 - Level 3.0 Dodging
 + Level 2.2 Spellcasting
 - Level 1.1 Hexes
 - Level 4.0 Charms
 + Level 0.5 Necromancy
 - Level 1.0 Translocations


You couldn't memorise any spells.
You knew the following spells:

 Your Spells              Type           Power        Failure   Level  Hunger
e - Regeneration          Chrm/Necr      #.........   36%         3    ###....
q - Shroud of Golubria    Chrm/Tloc      #.........   16%         2    ###....
t - Spectral Weapon       Hex/Chrm       #.......     32%         3    ###....

Your spell library contained the following spells:

 Spells                   Type           Power        Failure   Level  Hunger
 Infusion                 Chrm           ##..         6%          1    #......
 Song of Slaying          Chrm           ##......     9%          2    ###....


Dungeon Overview and Level Annotations

Branches:
Dungeon (4/15)
 Temple: D:4-7

Altars:
Ashenzari


Message History

You start resting.
Space distorts slightly along a thin shroud covering your body.
You climb downwards.
The gnoll hits you from afar with a +0 halberd of venom!
Your shroud falls apart!
You are poisoned.
There is a stone staircase leading up here.
You see here 2 potions of degeneration {!q}.
You feel sick.
You feel sick. The gnoll misses you.
There is a stone staircase leading up here.
You see here 2 potions of degeneration {!q}.
You feel sick.
You climb upwards.
You feel sick.
There is a stone staircase leading down here.
Space distorts slightly along a thin shroud covering your body.
You feel sick. The gnoll hits you but does no damage.
You are more poisoned.
Your skin crawls.
You feel sick. The gnoll barely misses you.
You closely miss the gnoll.
You feel sick.
Your shroud bends the gnoll's attack away.
You hit the gnoll but do no damage.
Your skin is crawling a little less now.
You feel sick.
You hit the gnoll.
You feel sick.
Your shroud bends the gnoll's attack away.
You barely miss the gnoll.
You feel sick.
Your shroud bends the gnoll's attack away.
You hit the gnoll.
You feel sick.
You barely miss the gnoll.
You feel sick.
The gnoll hits you with a +0 halberd of venom!
* * * LOW HITPOINT WARNING * * *
You are more poisoned.
You hit the gnoll but do no damage.
You feel sick. The gnoll barely misses you.
You hit the gnoll.
You feel sick. The gnoll closely misses you.
You hit the gnoll but do no damage.
Your skin stops crawling.
* * * LOW HITPOINT WARNING * * *
You feel sick.
You don't have enough magic to cast that spell.
Okay, then.
You hit the gnoll.
* * * LOW HITPOINT WARNING * * *
You feel sick. The gnoll barely misses you.
Your skin crawls.
You are feeling hungry.
Your shroud begins to fray at the edges.
You feel sick.
The gnoll hits you with a +0 halberd of venom!
You die...

# #.# #.# # #.#
#.# ####.# #.#
..##.# #.# #.##)#
#.# #.##<# #.#
#.##.# #.# .....#
#.#
#.##############@#
#.#.............g#
#.#.##############
#.#.# #.#.# #.#.#
....# .#..# ...##


You could see a gnoll.

Vanquished Creatures
  2 orc wizards
  2 gnolls
  A howler monkey skeleton (D:4)
  An adder (D:3)
  An adder skeleton (D:4)
  3 worms
  A dart slug (D:1)
  4 leopard geckos
  4 orcs
  A ball python (D:2)
  6 bats
  3 giant cockroaches
  7 goblins
  9 hobgoblins
  2 jackals (D:3)
  6 kobolds
  A quokka (D:2)
  2 frilled lizards
  6 rats
62 creatures vanquished.

Vanquished Creatures (others)
  An orc wizard (D:4)
1 creature vanquished.

Grand Total: 63 creatures vanquished

Notes
Turn   | Place    | Note
-------+----------+-------------------------------------------
     0 | D:1      | MalarOregon the Merfolk Skald began the quest for the Orb.
     0 | D:1      | Reached XP level 1. HP: 16/16 MP: 3/3
   173 | D:1      | Reached XP level 2. HP: 21/22 MP: 5/5
   518 | D:1      | Learned a level 2 spell: Shroud of Golubria
   909 | D:2      | Reached skill level 1 in Armour
   909 | D:2      | Reached XP level 3. HP: 28/28 MP: 3/6
   957 | D:2      | Reached skill level 4 in Polearms
  1487 | D:3      | Found a shattered altar of Ashenzari.
  1750 | D:3      | Reached XP level 4. HP: 26/34 MP: 1/7
  1992 | D:3      | Learned a level 3 spell: Spectral Weapon
  2134 | D:3      | Reached skill level 5 in Polearms
  2371 | D:3      | Reached XP level 5. HP: 41/41 MP: 8/8
  2535 | D:4      | Learned a level 3 spell: Regeneration
  2588 | D:4      | Reached skill level 1 in Hexes
  2588 | D:4      | Reached skill level 1 in Translocations
  2727 | D:3      | Slain by a gnoll

Vault maps used:
D:1:      lightli_arrival_statue_moat, kennysheep_decorative_pillar
D:2:      first_ration
D:3:      nicolae_ashenzari_panopticon
D:4:      makhleb_grotto_becter, lemuel_temple_firewalk_a, chequers_mini_garden

Skill      XL: |  1  2  3  4  5 |
---------------+----------------+-----
Dodging        | 3 |  3.0
Armour         | 1 |  1.0
Polearms       | 4 5 |  5.7
Fighting       | 3 |  3.0
Charms         | 4 |  4.0
Hexes          | 1 |  1.1
Translocations | 1 |  1.0
Spellcasting   | |  2.2
Necromancy     | |  0.5

Action                   |  1- 3 |  4- 6 || total
-------------------------+-------+-------++-------
Melee: Spear             |   203 |   177 ||   380
 Cast: Infusion          |     1 |       ||     1
       Shroud of Golubri |    16 |    15 ||    31
       Regeneration      |       |     3 ||     3
  Use: Scroll            |       |     8 ||     8
  Eat: Chunk             |     4 |     5 ||     9
Armor: Leather armour    |    50 |    39 ||    89
Dodge: Dodged            |    82 |    63 ||   145

Table legend:
 A = Non-vault XP
 B = Vault XP
 C = Vault XP percentage of total XP
 D = Non-vault monster count
 E = Vault monster count
 F = Vault count percentage of total count
                 A         B        C        D         E       F
            +---------+---------+-------+---------+---------+-------
      Total |     285 |       0 |   0.0 |      63 |       0 |   0.0
            +---------+---------+-------+---------+---------+-------
        D:1 |      33 |       0 |   0.0 |      18 |       0 |   0.0
        D:2 |      42 |       0 |   0.0 |      20 |       0 |   0.0
        D:3 |     106 |       0 |   0.0 |      19 |       0 |   0.0
        D:4 |     104 |       0 |   0.0 |       6 |       0 |   0.0
            +---------+---------+-------+---------+---------+-------
